Map: Ruins of Seras

Players

Singley

  • Race: Zerg Zerg
  • League: Gold

LindyHop - Winner!

  • Race: Zerg Zerg
  • League: Silver

VOD

Have the link to the VOD?

Description

Time

  • Played on: Nov. 27, 2015, 9:26 p.m.
  • Length: 27:41
Show
View Real Time Build Order
Export as new Build Order

Singley Zerg 

Build Orders: Hatch First 

Get SALT Encoding   

  12  0:07  Overlord  
  12  0:13  Drone  
  13  0:18  Drone  
  14  0:28  Drone  
  15  0:30  Drone  
  16  0:42  Drone  
  17  0:53  Drone  
  18  1:02  Hatchery, Drone  
  18  1:09  Extractor  
  17  1:17  Spawning Pool  
  16  1:20  Drone  
  17  1:31  Drone  
  18  1:45  Drone  
  19  1:47  Drone  
  20  1:55  Overlord  
  20  2:07  Queen  
  22  2:16  Zergling x4  
  22  2:21  Queen  
  26  2:23  Metabolic Boost  
  26  2:33  Drone x2  
  26  2:34  Drone  
  29  2:45  Baneling Nest  
  29  2:49  Drone  
  29  2:50  Drone x2  
  31  2:55  Overlord  
  31  3:02  Drone x2  
  33  3:09  Zergling x2  
  34  3:16  Zergling x2  
  34  3:17  Zergling x2  
  34  3:18  Zergling x4  
  34  3:19  Zergling x2  
  39  3:26  Zergling x2  
  41  3:34  Zergling x8  
  44  3:47  Overlord  
  44  3:48  Overlord  
  44  3:56  Overlord x2  
  44  4:21  Baneling x4  
  44  4:22  Baneling x3  
  44  4:34  Evolution Chamber  
  44  4:37  Evolution Chamber  
  42  4:51  Zergling x2  
  42  4:52  Drone x10  
  48  4:57  Extractor  
  48  4:59  Extractor  
  46  5:03  Drone x2  
  46  5:04  Roach Warren  
  46  5:05  Zerg Ground Armor Level 1  
  47  5:35  Spine Crawler  
  46  5:54  Roach x11  
  46  5:55  Roach  
  66  6:05  Roach  
  63  6:17  Roach x5  
  63  6:18  Roach  
  73  6:29  Overlord, Roach  
  75  6:34  Lair  
  75  6:52  Hatchery  
  74  6:59  Overlord x4, Roach x3  
  79  7:11  Drone x4  
  84  7:30  Drone x10  
  93  7:44  Baneling x2  
  93  7:45  Baneling  
  93  7:54  Glial Reconstitution  
  93  7:57  Zerg Missile Weapons Level 1  
  93  7:59  Burrow  
  93  8:01  Extractor  
  92  8:12  Queen  
  94  8:14  Drone  
  95  8:28  Drone x2  
  95  8:33  Roach x8  
  113  8:41  Spore Crawler  
  112  8:42  Spire  
  112  8:45  Spore Crawler  
  112  8:47  Roach x3  
  116  8:57  Centrifical Hooks  
  116  9:23  Pneumatized Carapace  
  116  9:27  Overseer  
  116  9:36  Roach x3  
  116  9:37  Overlord x6  
  122  10:21  Spore Crawler  
  122  10:22  Spore Crawler x2  
  122  10:24  Spore Crawler  
  122  10:27  Spore Crawler  
  122  10:28  Spore Crawler  
  116  10:30  Spore Crawler  
  116  10:31  Spore Crawler  
  116  10:33  Spore Crawler  
  113  10:39  Overlord  
  113  10:40  Overlord x5  
  98  11:02  Mutalisk  
  98  11:03  Mutalisk x10  
  116  11:19  Drone  
  117  11:35  Mutalisk x4  
  117  11:38  Drone  
  117  11:39  Drone x4  
  130  11:43  Extractor  
  129  11:51  Zerg Flyer Weapons Level 1  
  129  11:57  Drone x2  
  129  11:58  Drone  
  132  12:06  Extractor  
  97  12:25  Roach x20  
  97  12:31  Tunneling Claws  
  97  12:34  Roach x16  
  97  12:35  Mutalisk x4, Roach x2  
  101  13:02  Roach x17  
  99  13:13  Mutalisk  
  99  13:14  Mutalisk x5  
  111  13:24  Mutalisk x2  
  107  13:42  Drone  
  107  13:43  Drone x11  
  107  13:44  Mutalisk x2  
  109  14:10  Spore Crawler  
  109  14:12  Spore Crawler  
  109  14:13  Queen  
  109  14:16  Mutalisk x3  
  113  14:22  Zerg Flyer Armor Level 1  
  115  14:31  Mutalisk x3  
  92  15:21  Mutalisk  
  92  15:22  Mutalisk x6  
  106  15:33  Roach x11  
  104  15:50  Hatchery  
  104  15:56  Mutalisk x4  
  111  16:07  Infestation Pit, Roach x8  
  111  16:08  Roach x2  
  110  16:17  Spore Crawler  
  109  16:19  Spore Crawler  
  109  16:20  Spore Crawler  
  91  16:44  Mutalisk x6  
  92  17:04  Mutalisk x2  
  94  17:16  Zergling x2  
  94  17:17  Zergling x44  
  117  17:28  Zergling x2  
  117  17:29  Mutalisk, Zergling x4  
  122  17:38  Baneling x2  
  122  17:39  Baneling x6  
  122  17:40  Baneling x4  
  122  17:44  Drone  
  123  18:05  Mutalisk x4  
  131  18:16  Extractor  
  130  18:20  Drone x3, Extractor  
  130  18:22  Spore Crawler x2  
  130  18:23  Spore Crawler  
  130  18:25  Spore Crawler  
  128  18:27  Spore Crawler  
  105  18:45  Mutalisk  
  105  18:46  Mutalisk x3  
  79  19:02  Mutalisk x2  
  69  19:17  Mutalisk  
  62  19:45  Mutalisk x2  
  54  19:55  Zergling x18  
  54  19:56  Zergling x14  
  64  20:07  Zergling x12  
  46  21:02  Drone  
  47  21:06  Hatchery  
  46  21:17  Drone x2  
  48  21:24  Drone x2  
  50  21:43  Mutalisk x2  
  54  21:51  Mutalisk  
  56  22:00  Drone x4  
  60  22:14  Hive  
  60  22:45  Mutalisk x2  
  60  22:46  Mutalisk x4  
  70  23:03  Mutalisk  
  71  23:14  Drone  
  71  23:15  Drone x3  
  75  23:44  Viper  
  78  24:03  Drone x2  
  78  24:04  Drone  
  71  24:32  Drone x2  
  71  24:35  Viper x2  
  79  24:43  Zergling x20  
  79  24:44  Zergling x18  
  79  24:45  Zergling x6  
  101  25:16  Baneling x4  
  101  25:17  Baneling x2  
  101  25:43  Mutalisk x4  
  81  26:10  Zergling x18  
  81  26:11  Zergling x16  
  82  26:27  Zergling x2  
  82  26:28  Zergling x10  
  82  26:31  Baneling x6  
  82  26:32  Baneling x4  
  60  26:55  Zergling x2  
  60  26:56  Zergling x22  
Show
View Real Time Build Order
Export as new Build Order

LindyHop Zerg - Winner!

Build Orders: Hatch First 

Get SALT Encoding   

  12  0:01  Drone  
  13  0:08  Drone  
  14  0:35  Hatchery  
  13  0:39  Drone  
  14  0:51  Overlord  
  14  0:55  Drone, Extractor  
  14  1:19  Drone x3  
  17  1:30  Drone, Spawning Pool  
  17  1:42  Drone  
  17  1:47  Drone  
  19  2:00  Drone x2  
  21  2:05  Overlord  
  21  2:15  Drone x2  
  23  2:16  Queen  
  23  2:21  Queen  
  27  2:29  Metabolic Boost  
  27  2:36  Zergling x6  
  30  2:43  Zergling x4  
  32  2:53  Zergling x4  
  34  3:02  Roach Warren  
  33  3:12  Zergling x6  
  36  3:23  Overlord  
  36  3:24  Overlord  
  36  3:25  Baneling Nest  
  35  3:44  Zergling x2  
  35  3:45  Zergling x8  
  36  3:51  Roach x2  
  36  3:52  Roach  
  42  3:59  Zergling x6  
  45  4:26  Baneling  
  45  4:27  Baneling  
  45  4:28  Baneling  
  45  4:32  Roach  
  45  4:33  Roach x2  
  45  4:37  Overlord  
  49  4:52  Roach  
  51  4:58  Roach x4  
  59  5:00  Overlord x2  
  59  5:03  Drone  
  60  5:24  Drone x2  
  60  5:25  Drone  
  63  5:40  Roach x2  
  66  5:51  Zergling x2  
  66  5:52  Zergling x2  
  57  6:05  Zergling x2  
  57  6:06  Zergling x10  
  59  6:18  Drone x2  
  55  6:23  Spine Crawler  
  55  6:24  Spine Crawler  
  51  6:26  Burrow  
  51  6:28  Roach  
  51  6:31  Roach  
  55  6:38  Roach x3  
  61  6:50  Roach  
  61  6:52  Drone x3  
  66  7:17  Drone x4  
  66  7:18  Lair  
  66  7:20  Extractor  
  66  7:22  Drone x2  
  71  7:23  Drone  
  72  7:31  Drone x4  
  76  7:48  Extractor  
  76  7:49  Extractor  
  74  8:19  Spire  
  73  8:27  Spine Crawler, Roach x2  
  73  8:29  Overlord x4  
  73  8:33  Overlord  
  73  8:34  Overlord x3  
  76  8:57  Zergling x12  
  82  9:31  Mutalisk  
  82  9:32  Mutalisk x7  
  98  9:44  Mutalisk  
  100  9:51  Mutalisk  
  100  9:52  Hatchery  
  101  9:53  Zergling x10  
  106  10:19  Mutalisk x3  
  112  10:27  Roach x4  
  120  10:29  Roach  
  120  10:34  Roach  
  124  10:39  Zergling x2  
  109  10:51  Zergling x6  
  81  11:07  Drone x3  
  81  11:09  Mutalisk  
  82  11:17  Mutalisk  
  82  11:18  Mutalisk x2  
  88  11:27  Zerg Flyer Weapons Level 1  
  88  11:41  Mutalisk  
  88  11:42  Mutalisk  
  88  11:46  Drone x5, Extractor  
  96  11:48  Mutalisk, Extractor  
  97  11:55  Mutalisk  
  97  11:58  Zergling x6  
  103  12:01  Zergling x2  
  103  12:02  Zergling x8  
  106  12:13  Zergling x2  
  106  12:14  Zergling x2  
  106  12:15  Zergling x4  
  95  12:19  Zergling x2  
  95  12:20  Zergling x2  
  85  12:52  Overseer  
  85  12:54  Mutalisk x6  
  96  13:06  Mutalisk  
  96  13:13  Mutalisk  
  98  13:26  Mutalisk  
  100  13:33  Mutalisk  
  100  13:34  Zergling x2  
  103  13:42  Mutalisk  
  102  13:58  Mutalisk  
  102  13:59  Mutalisk  
  103  14:06  Zergling x2  
  103  14:07  Zergling x12  
  104  14:16  Mutalisk  
  106  14:22  Hatchery  
  103  14:40  Mutalisk x2  
  103  14:46  Mutalisk  
  105  15:16  Mutalisk x2  
  105  15:18  Zergling x2  
  105  15:19  Zergling x6  
  105  15:28  Mutalisk  
  105  15:29  Zergling x2  
  108  15:36  Mutalisk  
  110  15:51  Overseer  
  110  15:59  Zerg Flyer Armor Level 1  
  110  16:06  Overseer  
  110  16:10  Zergling x2  
  110  16:11  Zergling x28  
  125  16:34  Mutalisk x2  
  125  16:37  Zergling x2  
  124  16:57  Mutalisk  
  124  16:58  Mutalisk  
  124  16:59  Mutalisk x2  
  124  17:00  Zergling x2  
  127  17:15  Overlord x2  
  127  17:16  Overlord x2  
  123  17:41  Drone  
  123  17:42  Drone x2  
  123  17:44  Mutalisk x2  
  124  18:04  Roach  
  124  18:05  Roach x4  
  134  18:11  Roach  
  136  18:19  Overseer  
  136  18:20  Overseer  
  136  18:21  Roach  
  140  18:27  Roach x2  
  118  18:42  Roach x3  
  118  18:43  Roach  
  118  18:46  Roach  
  106  18:55  Roach  
  96  18:56  Roach  
  96  18:57  Roach  
  96  19:02  Roach  
  102  19:16  Roach x4  
  96  19:28  Mutalisk  
  96  19:29  Mutalisk  
  100  19:36  Mutalisk  
  82  20:01  Mutalisk x4, Zergling x2  
  82  20:02  Zergling x6  
  90  20:11  Mutalisk  
  90  20:14  Mutalisk  
  90  20:15  Zergling x2  
  88  20:21  Drone  
  70  20:45  Hatchery  
  69  21:00  Roach x4  
  69  21:01  Roach  
  79  21:16  Mutalisk x2  
  83  21:23  Mutalisk  
  85  21:40  Extractor  
  85  21:45  Extractor  
  79  22:01  Mutalisk x4  
  79  22:02  Mutalisk x2  
  91  22:14  Mutalisk x2  
  95  22:36  Hatchery  
  94  22:40  Drone x2  
  94  22:41  Drone  
  96  23:01  Mutalisk  
  96  23:02  Mutalisk x4  
  106  23:10  Drone x5  
  111  23:27  Mutalisk x2  
  111  23:29  Roach x3  
  111  23:30  Roach  
  121  24:06  Hydralisk Den  
  120  24:12  Drone x2  
  120  24:13  Drone x5  
  120  24:14  Drone x2  
  126  24:34  Hatchery  
  126  24:37  Overseer  
  125  24:40  Hydralisk x9  
  125  24:42  Overlord x3  
  143  24:50  Overseer  
  143  25:03  Spore Crawler  
  142  25:08  Hydralisk x2  
  142  25:09  Hydralisk x5  
  142  25:11  Overlord  
  156  25:26  Muscular Augments  
  156  25:27  Zergling x4  
  156  25:28  Zergling x12  
  164  25:39  Overlord x2  
  164  25:47  Spore Crawler  
  164  25:49  Spore Crawler  
  162  25:54  Spine Crawler  
  161  26:03  Hydralisk  
  141  26:04  Hydralisk x6  
  121  26:13  Hydralisk  
  121  26:14  Hydralisk x2  
  125  26:35  Hydralisk x4  
  125  26:38  Roach x2  
  132  26:52  Hydralisk  
  132  26:54  Roach x4  
  116  27:01  Hydralisk  
  116  27:13  Hydralisk  
  116  27:14  Hydralisk x2  
  116  27:15  Zergling x2  
  123  27:16  Zergling x10  
Tags
 
Add a new tag
Caveats
  • Supply blocks, unpowered buildings, or Contaminate may cause inaccurate times.
  • Supply counts are checked every 10 seconds.